 Dungeon Crawl Stone Soup version 0.29.1-15-g9cfb28693d (webtiles) character file.

Game seed: 5690257367303907843

73 monsoonserge the Trooper (level 4, -3/37 HPs)
             Began as a Palentonga Fighter on May 1, 2023.
             Slain by a gnoll
             ... wielding a +0 spear
              (4 damage)
             ... on level 2 of the Dungeon.
             The game lasted 00:03:26 (860 turns).

monsoonserge the Trooper (Palentonga Fighter)        Turns: 860, Time: 00:03:26

Health: -3/37      AC:  6    Str: 23    XL:     4   Next: 8%
Magic:  4/4        EV:  7    Int:  9    God:
Gold:   120        SH:  4    Dex:  9    Spells: 3/3 levels left

rFire   . . .      SeeInvis +   a - +0 war axe
rCold   . . .      Faith    .   c - +0 buckler
rNeg    . . .      Spirit   .   b - +0 scale mail
rPois   .          Reflect  .   (no helmet)
rElec   .          Harm     .   (no cloak)
rCorr   .          Rampage  .   (no gloves)
Will    .....                   (no barding)
Stlth   ..........              n - amulet of magic regeneration
HPRegen 0.12/turn               (no ring)
MPRegen 0.49/turn               (no ring)

@: no status effects
A: large, rugged brown scales 3, see invisible, deformed body, roll 1, armoured
tail
a: Rolling Charge


You were on level 2 of the Dungeon.
You visited 1 branch of the dungeon, and saw 2 of its levels.

You collected 120 gold pieces.

Inventory:

Hand Weapons
 a - a +0 war axe (weapon)
Missiles
 h - 15 stones
Armour
 b - a +0 scale mail (worn)
 c - a +0 buckler (worn)
Jewellery
 n - an amulet of magic regeneration (around neck)
Scrolls
 f - a scroll of identify {unknown}
 g - a scroll of fear {unknown}
 i - a scroll of amnesia {unknown}
 k - a scroll of enchant armour {unknown}
 m - a scroll of vulnerability {unknown}
Potions
 d - a potion of might
 e - 3 potions of curing {unknown}
 j - 2 potions of flight {unknown}
 l - a potion of brilliance {unknown}


   Skills:
 + Level 3.5 Fighting
 + Level 2.9 Axes
 + Level 2.9 Armour
 + Level 3.1 Shields


You had 3 spell levels left.
You didn't know any spells.
Your spell library was empty.

Dungeon Overview and Level Annotations

Branches:
Dungeon (2/15)

Altars:


Innate Abilities, Weirdness & Mutations

You are completely covered in rugged brown scales. (AC +3, +7% HP)
You have supernaturally acute eyesight. (SInv)
Armour fits poorly on your strangely shaped body.
You can roll at nearby foes to attack.
You have a long armoured tail.


Message History

You roll forward with a clatter of scales!
A gnoll comes into view. It is wielding a +0 spear.
Found a stone staircase leading down.
You hit the gnoll.
The gnoll is moderately wounded.
The gnoll hits you with a +0 flail!
The gnoll hits you from afar with a +0 spear.
The gnoll hits you with a +0 flail.
You barely miss the gnoll.
The gnoll is moderately wounded.
You closely miss the ball python.
The ball python bites you but does no damage.
The ball python bites you. The gnoll barely misses you.
The gnoll hits you from afar with a +0 spear. x2
You slash the gnoll!
You kill the gnoll!
You hit the ball python.
You kill the ball python!
The gnoll hits you from afar with a +0 spear.
You block the gnoll's attack.
Roll where?
Press: ? - help, Dir - move target, f - gnoll
Aim: a gnoll, wielding a +0 spear You roll forward with a clatter of scales!
You slash the gnoll!
You kill the gnoll!
You barely miss the gnoll.
The gnoll hits you from afar with a +0 spear.
The gnoll hits you with a +0 spear.
* * * LOW HITPOINT WARNING * * *
The gnoll barely misses you.
The gnoll hits you from afar with a +0 spear.
* * * LOW HITPOINT WARNING * * *
You have reached level 4!
You feel clever.
Press: ? - help, v - describe, . - travel
Here: a gnoll, wielding a +0 spear The floor.
There's nothing you can charge at! The gnoll hits you with a +0 spear.
You die...

.. #.# #. #.#
###.# #..>#
#.### #.#
##○# ##.)#
#.@g#
#...g......
.........####
#...........#
####.......##
#....>.##
........
.......#.#


You could see 2 gnolls.

Vanquished Creatures
  3 gnolls
  2 worms (D:2)
  6 endoplasms
  A giant cockroach (D:1)
  5 goblins (D:1)
  4 hobgoblins
  4 kobolds (D:1)
  2 quokkas (D:2)
  4 ball pythons
  4 bats
  A frilled lizard (D:2)
  A rat (D:1)
37 creatures vanquished.

Notes
Turn   | Place    | Note
-------+----------+-------------------------------------------
     0 | D:1      | monsoonserge the Palentonga Fighter began the quest for the
                  | Orb.
     0 | D:1      | Reached XP level 1. HP: 19/19 MP: 1/1
    56 | D:1      | Reached XP level 2. HP: 23/25 MP: 2/2
   177 | D:1      | Found a faded altar of an unknown god.
   201 | D:1      | Reached XP level 3. HP: 31/31 MP: 3/3
   859 | D:2      | HP: 1/31 [gnoll/+0 spear (3)]
   860 | D:2      | Reached XP level 4. HP: 1/37 MP: 4/4
   860 | D:2      | Slain by a gnoll

Illustrated notes

Levels and vault maps discovered:
D:1:      dpeg_arrival_connections, layout_basic,
          shapermc_ecumenical_altar_acropolis, minmay_strange_pillars
D:2:      layout_loops_ring, basic_altar, kennysheep_generic_room_5

Skill      XL: |  1  2 |
---------------+-------+-----
Shields        | 3 |  3.1
Fighting       | |  3.5
Axes           | |  2.9
Armour         | |  2.9

Action                   |  1- 3 |  4- 6 || total
-------------------------+-------+-------++-------
Melee: War axe           |    72 |       ||    72
       Tailslap          |     6 |       ||     6
 Abil: Rolling Charge    |    30 |       ||    30
Armor: Scale mail        |    26 |       ||    26
Dodge: Dodged            |    23 |       ||    23
Block: Buckler           |    13 |       ||    13
